 Dungeon Crawl Stone Soup version 0.23-a0-639-ga9a3373214 (webtiles) character file.

56 HereIgoKillingAgain the Chopper (level 3, -1/31 HPs)
             Began as a Hill Orc Fighter on Dec 29, 2018.
             Slain by a hobgoblin
             ... wielding a +0 club
             ... led by Robin
              (3 damage)
             ... on level 3 of the Dungeon.
             The game lasted 00:01:21 (1507 turns).

HereIgoKillingAgain the Chopper (Hill Orc Fighter)  Turns: 1507, Time: 00:01:21

Health: -1/31      AC: 10    Str: 18    XL:     3   Next: 95%
Magic:  3/3        EV:  7    Int:  9    God:
Gold:   101        SH:  9    Dex: 10    Spells: 2/2 levels left

rFire    . . .     SeeInvis .   a - +0 war axe
rCold    . . .     Gourm    .   c - +0 shield
rNeg     . . .     Faith    .   b - +0 scale mail
rPois    .         Spirit   .   (no helmet)
rElec    .         Reflect  .   h - +2 cloak
rCorr    .         Harm     .   (no gloves)
MR       .....                  (no boots)
Stlth    ..........             (no amulet)
HPRegen  0.10/turn              (no ring)
MPRegen  0.08/turn              (no ring)

@: drained
A: no striking features
a: no special abilities


You were on level 3 of the Dungeon.
You were not hungry.

You visited 1 branch of the dungeon, and saw 3 of its levels.

You collected 101 gold pieces.

Inventory:

Hand Weapons
 a - a +0 war axe (weapon)
Armour
 b - a +0 scale mail (worn)
 c - a +0 shield (worn)
 h - a +2 cloak (worn)
Jewellery
 g - a +6 ring of protection {unknown}
 i - a cursed ring of attention {unknown}
Scrolls
 e - a scroll of immolation {unknown}
Potions
 d - a potion of might
 j - 2 potions of curing {unknown}
Comestibles
 f - 2 rations


   Skills:
 - Level 3.6(3.5) Fighting
 + Level 5.5(5.4) Axes
 - Level 3.2 Armour
 - Level 3.2 Shields


You had 2 spell levels left.
You didn't know any spells.
Your spell library was empty.

Dungeon Overview and Level Annotations

Branches:
Dungeon (3/15)

Altars:

Annotations:
D:3 Robin


Message History

You closely miss the goblin. You hit the hobgoblin.
You kill the hobgoblin!
You barely miss the hobgoblin. You block the adder's attack.
The goblin hits you but does no damage.
Robin roars a battlecry!
The goblins go into a battle-frenzy!
The goblin hits you but does no damage. The hobgoblin hits you with a +0 club.
* * * LOW HITPOINT WARNING * * *
The adder barely misses you. You block the goblin's attack.
The goblin hits you with a +0 dagger.
* * * LOW HITPOINT WARNING * * *
You slash the goblin!
You kill the goblin!
You closely miss the goblin. x2
Your shield and scale mail prevent you from hitting the goblin.
You hit the hobgoblin. You hit the goblin but do no damage. You miss the adder.
The goblin hits you but does no damage. Robin throws the goblin at you!
* * * LOW HITPOINT WARNING * * *
You block the goblin's attack. The hobgoblin hits you with a +0 club.
You die... ######### ###gS.....% #.g@g.# #.gggg#

#....g.....
#.#.....###..
# #.!...#
.......
.....####
#..##.#


You could see Robin, an adder, a hobgoblin and 6 goblins.

Vanquished Creatures
  An adder (D:2)
  A leopard gecko (D:1)
  6 goblins
  10 hobgoblins
  2 ball pythons (D:1)
  6 bats
  8 frilled lizards
  7 kobolds
  5 rats
46 creatures vanquished.

Notes
Turn   | Place    | Note
-------+----------+-------------------------------------------
     0 | D:1      | HereIgoKillingAgain the Hill Orc Fighter began the quest
                  | for the Orb.
     0 | D:1      | Reached XP level 1. HP: 19/19 MP: 1/1
    37 | D:1      | Reached skill level 3 in Axes
   175 | D:1      | Reached XP level 2. HP: 20/26 MP: 2/2
   260 | D:1      | Reached skill level 4 in Axes
   416 | D:1      | Reached XP level 3. HP: 17/31 MP: 3/3
  1078 | D:2      | Reached skill level 5 in Axes
  1503 | D:3      | Noticed Robin
  1507 | D:3      | Slain by a hobgoblin

Vault maps used:
D:1:      minmay_arrival_diagonal_passages, minmay_close_crescents
D:2:      uniq_terence
D:3:      minivault_5, grunt_ministairs_4, okawaru_trees_2, uniq_natasha,
          uniq_robin, uniq_grinder

Skill      XL: |  1  2  3 |
---------------+----------+-----
Axes           | 3 4 5 |  5.5
Fighting       | |  3.6
Armour         | |  3.2
Shields        | |  3.2

Action                   || total
-------------------------++-------
Melee: War axe           ||   147
  Eat: Chunk             ||     2
Armor: Scale mail        ||    82
Dodge: Dodged            ||    55
Block: Shield            ||    81

Table legend:
 A = Non-vault XP
 B = Vault XP
 C = Vault XP percentage of total XP
 D = Non-vault monster count
 E = Vault monster count
 F = Vault count percentage of total count
                 A         B        C        D         E       F
            +---------+---------+-------+---------+---------+-------
      Total |      68 |      12 |  15.0 |      39 |       7 |  15.2
            +---------+---------+-------+---------+---------+-------
        D:1 |      38 |       7 |  15.6 |      25 |       4 |  13.8
        D:2 |      30 |       0 |   0.0 |      14 |       0 |   0.0
        D:3 |       0 |       5 | 100.0 |       0 |       3 | 100.0
            +---------+---------+-------+---------+---------+-------
